 Dungeon Crawl Stone Soup version 0.29.1-4-g47bece8355 (webtiles) character file.

Game seed: 504226381922625114

121 trench the Shield-Bearer (level 5, 0/47 HPs)
             Began as a Gnoll Fighter on Dec 2, 2022.
             Was an Initiate of Okawaru.
             Slain by a gnoll
             ... wielding a +0 halberd
              (2 damage)
             ... on level 3 of the Dungeon.
             The game lasted 00:15:07 (2982 turns).

trench the Shield-Bearer (Gnoll Fighter)            Turns: 2982, Time: 00:15:07

Health: 0/47       AC: 13    Str: 18    XL:     5   Next: 5%
Magic:  7/7        EV: 10    Int:  7    God:    Okawaru [......]
Gold:   18         SH:  5    Dex: 11    Spells: 6/6 levels left

rFire   . . .      SeeInvis +   a - +0 trident (freeze)
rCold   . . .      Faith    .   c - +0 buckler
rNeg    . . .      Spirit   .   s - +3 ring mail
rPois   .          Reflect  .   g - +0 helmet
rElec   .          Harm     .   (no cloak)
rCorr   .          Rampage  .   u - +1 pair of gloves
Will    .....                   (no boots)
Stlth   +.........              (no amulet)
HPRegen 0.15/turn               j - ring of see invisible
MPRegen 0.10/turn               (no ring)

@: lethally poisoned (0 -> -6), about to teleport, hasted, very quick
A: fangs 1, strong nose, distributed training
a: Renounce Religion


You were on level 3 of the Dungeon.
You worshipped Okawaru.
Okawaru was noncommittal.
You visited 1 branch of the dungeon, and saw 3 of its levels.

You collected 96 gold pieces.
You spent 78 gold pieces at shops.

Inventory:

Hand Weapons
 a - a +0 trident of freezing (weapon)
 h - a +0 dagger of flaming
 p - a +1 short sword of holy wrath
Missiles
 r - 16 stones (quivered)
Armour
 c - a +0 buckler (worn)
 g - a +0 helmet (worn)
 s - a +3 ring mail (worn)
 u - a +1 pair of gloves (worn)
Jewellery
 j - a ring of see invisible (left hand)
Scrolls
 b - a scroll of blinking {unknown}
 e - a scroll of enchant weapon
 f - 2 scrolls of amnesia
 i - a scroll of magic mapping
 l - 2 scrolls of teleportation
Potions
 d - a potion of might
 k - a potion of cancellation {unknown}
 m - a potion of berserk rage {unknown}
 n - a potion of mutation {unknown}
 o - a potion of haste
 q - a potion of invisibility {unknown}
 t - 2 potions of heal wounds {unknown}


   Skills:
 + Level 6.6 Fighting
 + Level 1.4 Short Blades
 + Level 1.4 Long Blades
 + Level 1.4 Axes
 + Level 1.4 Maces & Flails
 + Level 4.7 Polearms
 + Level 1.4 Staves
 + Level 1.4 Ranged Weapons
 + Level 1.4 Throwing
 + Level 6.6 Armour
 + Level 1.4 Dodging
 + Level 1.4 Stealth
 + Level 6.6 Shields
 + Level 1.4 Unarmed Combat
 + Level 1.4 Spellcasting
 + Level 1.1 Conjurations
 + Level 1.1 Hexes
 + Level 1.1 Summonings
 + Level 1.1 Necromancy
 + Level 1.1 Translocations
 + Level 1.1 Transmutations
 + Level 1.1 Fire Magic
 + Level 1.1 Ice Magic
 + Level 1.1 Air Magic
 + Level 1.1 Earth Magic
 + Level 1.1 Poison Magic
 + Level 1.5 Invocations
 + Level 1.4 Evocations


You had 6 spell levels left.
You didn't know any spells.
Your spell library contained the following spells:

 Spells                   Type           Power      Damage    Failure   Level
 Orb of Destruction       Conj           1%         9d5       100%        7
 Summon Guardian Golem    Hex/Summ       Unusable   N/A       N/A         3
 Spellforged Servitor     Conj/Summ      Unusable   N/A       N/A         7

Dungeon Overview and Level Annotations

Branches:
Dungeon (3/15)

Altars:
Okawaru
Sif Muna
Yredelemnul

Shops:
D:2 *[:!?


Innate Abilities, Weirdness & Mutations

You have very sharp teeth.
Your uncanny sense of smell can sniff out nearby items.
Your experience applies equally to all skills.


Message History

You closely miss the gnoll. Your bite misses the gnoll.
The gnoll is almost dead.
The gnoll hits you but does no damage.
The gnoll hits you from afar with a +2 spear of venom.
You closely miss the gnoll.
The gnoll is almost dead.
The gnoll barely misses you. The gnoll misses you.
You closely miss the gnoll. Your bite misses the gnoll.
The gnoll is almost dead.
The gnoll closely misses you. You block the gnoll's attack.
The gnoll hits you with a +0 halberd.
You don't know any spells.
Okay, then.
The gnoll closely misses you.
You puncture the gnoll! You freeze the gnoll.
You kill the gnoll!
Okawaru accepts your kill. The gnoll closely misses you.
The gnoll hits you but does no damage.
You are poisoned.
The gnoll closely misses you.
The gnoll hits you from afar with a +2 spear of venom.
You are lethally poisoned!
You have reached level 5!
You feel very sick.
* * * LOW HITPOINT WARNING * * *
You feel very sick.
As you read the scroll of teleportation, it crumbles to dust.
You feel strangely unstable.
* * * LOW HITPOINT WARNING * * *
You feel very sick. You block the gnoll's attack.
* * * LOW HITPOINT WARNING * * *
You feel very sick.
* * * LOW HITPOINT WARNING * * *
You feel sick.
It was a potion of haste.
You feel yourself speed up.
* * * LOW HITPOINT WARNING * * *
You feel sick.
The gnoll hits you from afar with a +0 halberd.
You die...

#.....#......)#
#.....#.......#.# .#
#.....#.......#....#
###.....#..._...#.#..#
..#.....#.......#.##.#
[..###..#.......#.##.#
≈.)###..#..)....#..#.#
≈...##..####.####..#.#
≈...###......gg.@....#
≈...################.#
≈.#...# ##..#
≈.###'###### #...#
≈..........# #.#.#
≈........#.# #)..#
≈..........#### #.###
...#####.#....####.#
#### #.#.##....#)#


You could see 2 gnolls.

Vanquished Creatures
  2 gnolls (D:3)
  5 adders
  A worm (D:2)
  An orc (D:3)
  8 ball pythons
  8 bats
  An endoplasm (D:1)
  A giant cockroach (D:2)
  4 goblins
  6 hobgoblins
  A jackal (D:1)
  7 kobolds
  3 quokkas
  4 frilled lizards
  5 rats
57 creatures vanquished.

Vanquished Creatures (others)
  2 plants (D:1)
  A withered plant (D:1)
3 creatures vanquished.

Grand Total: 60 creatures vanquished

Notes
Turn   | Place    | Note
-------+----------+-------------------------------------------
     0 | D:1      | trench the Gnoll Fighter began the quest for the Orb.
     0 | D:1      | Reached XP level 1. HP: 23/23 MP: 1/1
   301 | D:1      | Reached XP level 2. HP: 29/29 MP: 2/2
   509 | D:1      | Found a faded altar of an unknown god.
   573 | D:1      | Reached XP level 3. HP: 32/35 MP: 3/3
   962 | D:2      | Found a basalt altar of Yredelemnul.
   972 | D:2      | Found Litigi's General Store.
  1217 | D:2      | Reached skill level 1 in Invocations
  1267 | D:2      | Found Bimibut's Antique Armour Shoppe.
  1357 | D:2      | Reached skill level 1 in Short Blades
  1357 | D:2      | Reached skill level 1 in Long Blades
  1357 | D:2      | Reached skill level 1 in Axes
  1357 | D:2      | Reached skill level 1 in Maces & Flails
  1357 | D:2      | Reached skill level 1 in Staves
  1357 | D:2      | Reached skill level 1 in Ranged Weapons
  1357 | D:2      | Reached skill level 1 in Throwing
  1357 | D:2      | Reached skill level 1 in Dodging
  1357 | D:2      | Reached skill level 1 in Stealth
  1357 | D:2      | Reached skill level 1 in Unarmed Combat
  1357 | D:2      | Reached skill level 1 in Spellcasting
  1357 | D:2      | Reached skill level 1 in Evocations
  1408 | D:2      | Found Qiypedu's Distillery.
  1634 | D:2      | Reached XP level 4. HP: 41/41 MP: 5/5
  1725 | D:2      | Found Roitzoeh's Magic Scroll Emporium.
  1735 | D:2      | Bought a scroll of teleportation for 39 gold pieces
  1735 | D:2      | Bought a scroll of teleportation for 39 gold pieces
  2053 | D:2      | Found Piclipty's Book Boutique.
  2275 | D:3      | Reached skill level 1 in Conjurations
  2275 | D:3      | Reached skill level 1 in Hexes
  2275 | D:3      | Reached skill level 1 in Summonings
  2275 | D:3      | Reached skill level 1 in Necromancy
  2275 | D:3      | Reached skill level 1 in Translocations
  2275 | D:3      | Reached skill level 1 in Transmutations
  2275 | D:3      | Reached skill level 1 in Fire Magic
  2275 | D:3      | Reached skill level 1 in Ice Magic
  2275 | D:3      | Reached skill level 1 in Air Magic
  2275 | D:3      | Reached skill level 1 in Earth Magic
  2275 | D:3      | Reached skill level 1 in Poison Magic
  2286 | D:3      | Found an iron altar of Okawaru.
  2309 | D:3      | Found a shimmering blue altar of Sif Muna.
  2940 | D:3      | Became a worshipper of Warmaster Okawaru
  2977 | D:3      | Reached XP level 5. HP: 23/47 MP: 7/7
  2982 | D:3      | HP: 2/47 [poisoned by a gnoll]
  2982 | D:3      | Slain by a gnoll

Illustrated notes

Levels and vault maps discovered:
D:1:      minmay_arrival_solitary_statue, layout_loops_ring,
          shapermc_ecumenical_altar_flowoftime, minmay_quantized
D:2:      layout_basic, serial_shops, shop, shop_fountains,
          nicolae_lakefront_shop, nicolae_shop_temple_entry_statues_fountains,
          nicolae_lakefront_shop, basic_altar, chequers_avenue,
          mrwooster_statue_mirror, grunt_decor_resistance
D:3:      layout_basic, nicolae_hepliaklqana_monster_ancestors,
          mainiacjoe_overflow_brackets, lemuel_tele_altar

Skill      XL: |  1  2  3  4 |
---------------+-------------+-----
Invocations    | 1 |  1.5
Short Blades   | 1 |  1.4
Long Blades    | 1 |  1.4
Axes           | 1 |  1.4
Maces & Flails | 1 |  1.4
Staves         | 1 |  1.4
Ranged Weapons | 1 |  1.4
Throwing       | 1 |  1.4
Dodging        | 1 |  1.4
Stealth        | 1 |  1.4
Unarmed Combat | 1 |  1.4
Spellcasting   | 1 |  1.4
Evocations     | 1 |  1.4
Conjurations   | 1 |  1.1
Hexes          | 1 |  1.1
Summonings     | 1 |  1.1
Necromancy     | 1 |  1.1
Translocations | 1 |  1.1
Transmutations | 1 |  1.1
Fire Magic     | 1 |  1.1
Ice Magic      | 1 |  1.1
Air Magic      | 1 |  1.1
Earth Magic    | 1 |  1.1
Poison Magic   | 1 |  1.1
Fighting       | |  6.6
Polearms       | |  4.7
Armour         | |  6.6
Shields        | |  6.6

Action                   |  1- 3 |  4- 6 || total
-------------------------+-------+-------++-------
Melee: Trident           |   123 |    50 ||   173
       Bite              |    16 |     4 ||    20
Throw: Stone             |       |     8 ||     8
  Use: Scroll            |     5 |     1 ||     6
       Potion            |       |     1 ||     1
Armor: Scale mail        |    50 |     1 ||    51
       Ring mail         |       |    21 ||    21
Dodge: Dodged            |    39 |    37 ||    76
Block: Buckler           |    35 |    15 ||    50
